AoeStats
← IsraDguez

Arabia

510183892Analyzed
1v1 RM · 3d ago on Sep 29, 2026· 29m 46s· 2 players
Game mode
Random Map
Map size
Tiny (2 player)
Population
200
Speed
Normal
Resources
Standard
Victory
Conquest
Starting age
Dark Age
Ending age
Imperial Age
RankedLock teamsTeams togetherTeam positionsShared explorationLock speedFull tech treeHidden civsTurbo modeCheats
Victory
Defeat
🇲🇽 Maya · Mexico
849
+16
🇨🇴 Japanese · Colombia
841
-16
SoundDrake5635
0:57 Loom
13:15 Feudal Age
13:39 Man-at-Arms
25:25 Castle Age
28:17 Elite Skirmisher
IsraDguez
0:43 Loom
9:36 Feudal Age
12:33 Scale Mail Armor
12:46 Forging
15:31 Fletching
21:35 Castle Age
19:52 Man-at-Arms
21:46 Padded Archer Armor
22:33 Bodkin Arrow
22:40 Crossbowman
23:38 Chain Mail Armor
24:43 Wheelbarrow
25:51 Iron Casting
28:26 Hand Cart
27:40 Eagle Warrior
30:39 Leather Archer Armor
Connection lost

Rejoining the realm…

Still unreachable

The connection could not be restored.

Session expired

The server has moved on; the page needs a fresh start.